 Dungeon Crawl Stone Soup version 0.28-a0-1518-gbe868bca14 (webtiles) character file.

Game seed: 4824479800929228221

4503 shadowrider38 the Slicer (level 10, 0/66 HPs)
             Began as a Kobold Brigand on Jan 17, 2022.
             Was a Believer of Okawaru.
             Slain by a wraith (11 damage)
             ... led by a death knight
             ... on level 8 of the Dungeon.
             The game lasted 00:15:55 (12327 turns).

shadowrider38 the Slicer (Kobold Brigand)          Turns: 12327, Time: 00:15:55

Health: 0/66       AC:  9    Str: 13    XL:     10   Next: 65%
Magic:  10/10      EV: 13    Int: 12    God:    Okawaru [**....]
Gold:   626        SH: 15    Dex: 17    Spells: 9/9 levels left

rFire   . . .      SeeInvis .   a - +0 rapier
rCold   . . .      Faith    .   x - +0 kite shield
rNeg    . . .      Spirit   .   G - +1 scale mail {rPois}
rPois   +          Reflect  +   n - +0 helmet
rElec   .          Harm     .   c - +0 cloak
rCorr   .          Rampage  .   (no gloves)
Will    .....                   (no boots)
Stlth   +++.......              A - amulet of reflection
HPRegen 0.21/turn               (no ring)
MPRegen 0.12/turn               (no ring)

@: slowed, very slow
A: small, no large weapons, nightstalker 3
a: Renounce Religion, Heroism


You were on level 8 of the Dungeon.
You worshipped Okawaru.
Okawaru was pleased with you.
You visited 2 branches of the dungeon, and saw 9 of its levels.
You also visited: Sewer.

You collected 626 gold pieces.

Inventory:

Hand Weapons
 a - a +0 rapier (weapon)
 b - a +1 short sword of flaming
Missiles
 d - 18 poisoned darts (quivered)
 e - 5 curare-tipped darts
 j - 136 stones
Armour
 c - a +0 cloak (worn)
 n - a +0 helmet (worn)
 x - a +0 kite shield (worn)
 G - a +1 scale mail of poison resistance (worn)
Jewellery
 A - an amulet of reflection (around neck)
 F - a ring of protection from fire
Wands
 p - a wand of acid (11)
 q - a wand of paralysis (17)
 y - a wand of flame (18)
 I - a wand of iceblast (8)
 K - a wand of polymorph (9)
Scrolls
 f - 2 scrolls of teleportation
 g - a scroll of identify
 h - 4 scrolls of vulnerability {unknown}
 k - a scroll of enchant weapon {unknown}
 l - a scroll of noise {unknown}
 r - a scroll of fear {unknown}
 t - a scroll of enchant armour {unknown}
 w - a scroll of summoning {unknown}
 D - a scroll of brand weapon {unknown}
 E - a scroll of fog {unknown}
 J - a scroll of silence {unknown}
Potions
 i - a potion of ambrosia
 m - 4 potions of brilliance
 o - a potion of mutation
 s - a potion of lignification
 u - a potion of magic
 v - 6 potions of degeneration {unknown}
 z - a potion of curing
 B - a potion of resistance {unknown}
 C - a potion of haste {unknown}
 H - 2 potions of berserk rage {unknown}


   Skills:
 + Level 9.0 Fighting
 * Level 11.1 Short Blades
 - Level 2.1 Throwing
 - Level 8.5 Dodging
 - Level 5.3 Stealth
 - Level 5.1 Shields


You had 9 spell levels left.
You didn't know any spells.
Your spell library contained the following spells:

 Spells                   Type           Power      Damage    Failure   Level
 Foxfire                  Conj/Fire      0%         2x1d4     100%        1
 Conjure Flame            Conj/Fire      0%         6-21      100%        3
 Gell's Gravitas          Tloc           0%         N/A       100%        3
 Inner Flame              Hex/Fire       0%         N/A       100%        3
 Teleport Other           Tloc           0%         N/A       100%        3
 Cause Fear               Hex            0%         N/A       100%        4
 Flame Wave               Conj/Fire      0%         2d4       100%        4
 Dispersal                Tloc           0%         N/A       100%        6
 Discord                  Hex            0%         N/A       100%        8
 Summon Small Mammal      Summ           Unusable   N/A       N/A         1
 Call Canine Familiar     Summ           Unusable   N/A       N/A         3
 Summon Guardian Golem    Hex/Summ       Unusable   N/A       N/A         3

Dungeon Overview and Level Annotations

Branches:
Dungeon (8/15)             Temple (1/1) D:7           Sewer (visited)
   Lair: D:8-11

Altars:
Cheibriados
Dithmenos
Elyvilon
Fedhas
Gozag
Hepliaklqana
Kikubaaqudgha
Makhleb
Nemelex Xobeh
Okawaru
Sif Muna
Uskayaw
Vehumet
Wu Jian
Xom
Yredelemnul
Zin
Lugonu

Annotations:
D:5 exclusion: 2 doors


Innate Abilities, Weirdness & Mutations

You are small and have problems with some larger weapons.
You are completely attuned to the shadows.


Message History

You are too injured to fight recklessly!
You are too injured to fight recklessly!
You are too injured to fight recklessly!
You are too injured to fight recklessly!
You are too injured to fight recklessly!
You are too injured to fight recklessly!
You are too injured to fight recklessly!
You are too injured to fight recklessly!
You are too injured to fight recklessly!
You are too injured to fight recklessly!
You are too injured to fight recklessly!
You are too injured to fight recklessly!
You are too injured to fight recklessly!
You are too injured to fight recklessly!
You hit the wraith.
The wraith is almost destroyed.
The wraith barely misses you.
You hit the wraith.
The wraith is almost destroyed.
The wraith hits you! You block the wraith's attack.
You barely miss the wraith.
The wraith is almost destroyed.
The wraith misses you.
You closely miss the wraith.
The wraith is almost destroyed.
You block the wraith's attack. The wraith hits you!
* * * LOW HITPOINT WARNING * * *
You hit the wraith.
The wraith is almost destroyed.
You block the wraith's attack.
You barely miss the wraith.
The wraith is almost destroyed.
You block the wraith's attack.
You closely miss the wraith.
The wraith is almost destroyed.
You block the wraith's attack.
You hit the wraith but do no damage.
The wraith is almost destroyed.
The wraith hits you!
You die...

#.# #..#..#'#...#.###...#..# #
#.# ##.##....##(##...###...## #
#.###..#..#..#..#..#...###.# #
#..##.##....##.##.####...#'# #
#......###..#..#..'..###...# #
#.####...####.##.##....##.## #
#.##.###...#..#..#..#..#..# #
#W##.#####...##.##....##.## #
#....W...###.W@..###..#..#### #
####.##.#..#####...####.###.###
#.##.#..#...###...#..#......
#...#...#.....###...##...#.#
####.#[##...#.# ###.###.....
##.#.###.##.# ##.# #..###
####.........#.# #..###.####
##....#######.#.# #.##...#...
##.....## #.#.# #..#...#.##


You could see a wraith.

Vanquished Creatures
  Pikel (D:6)
  A phantasmal warrior (D:8)
  A hornet (D:8)
  Sigmund (D:2)
  A wraith (D:8)
  A yak (D:7)
  A wyvern (D:8)
  A steam dragon (D:7)
  3 water moccasins (D:8)
  2 black bears
  An ice beast (D:8)
  2 necrophages
  A centaur (D:5)
  2 ogres
  4 kobold brigands
  A lemure (Temple)
  3 bullfrogs
  2 scorpions
  A water moccasin skeleton (D:5)
  A killer bee (D:8)
  3 wights
  2 howler monkeys (D:6)
  2 centaur zombies
  A bullfrog zombie (D:6)
  2 jellies
  3 hounds
  3 orc priests
  2 bullfrog skeletons
  2 gnoll shamans
  An iguana (D:4)
  5 orc wizards
  3 gnolls (D:8)
  9 adders
  A river rat (D:4)
  2 white imps
  An adder skeleton (D:4)
  3 dart slugs
  19 orcs
  9 ball pythons
  7 endoplasms
  3 giant cockroaches
  5 goblins
  6 hobgoblins
  A quokka (D:1)
  4 bats
  A frilled lizard (D:2)
  11 kobolds
  5 rats
147 creatures vanquished.

Vanquished Creatures (others)
  A quokka (D:7)
  6 fungi (D:5)
  2 plants (D:5)
  6 toadstools (D:5)
15 creatures vanquished.

Grand Total: 162 creatures vanquished

Notes
Turn   | Place    | Note
-------+----------+-------------------------------------------
     0 | D:1      | shadowrider38 the Kobold Brigand began the quest for the
                  | Orb.
     0 | D:1      | Reached XP level 1. HP: 12/12 MP: 1/1
    89 | D:1      | Reached skill level 3 in Short Blades
   266 | D:1      | Reached XP level 2. HP: 17/17 MP: 2/2
   556 | D:1      | Reached skill level 4 in Short Blades
   652 | D:1      | Found a faded altar of an unknown god.
  1092 | D:2      | Reached XP level 3. HP: 21/21 MP: 3/3
  1311 | D:2      | Reached skill level 5 in Short Blades
  1628 | D:2      | Noticed Sigmund
  1633 | D:2      | Killed Sigmund
  1634 | D:2      | Reached skill level 7 in Short Blades
  1634 | D:2      | Reached XP level 4. HP: 26/26 MP: 4/4
  1634 | D:2      | Reached XP level 5. HP: 30/30 MP: 5/5
  1634 | D:2      | Reached XP level 6. HP: 35/35 MP: 6/6
  1971 | D:3      | Found a shadowy altar of Dithmenos.
  3063 | D:4      | Reached skill level 8 in Short Blades
  3075 | D:4      | Found a glowing drain.
  3146 | Sewer    | Entered a sewer
  3317 | Sewer    | Reached XP level 7. HP: 34/41 MP: 7/7
  4303 | D:4      | Reached skill level 9 in Short Blades
  4576 | D:4      | Found an ancient bone altar of Kikubaaqudgha.
  4757 | D:4      | Found a snail-covered altar of Cheibriados.
  4767 | D:4      | Found an ornate altar of the Wu Jian Council.
  4808 | D:5      | Entered Level 5 of the Dungeon
  4860 | D:5      | Reached XP level 8. HP: 22/48 MP: 8/8
  5054 | D:5      | Reached skill level 1 in Shields
  5399 | D:5      | Reached skill level 5 in Fighting
  5399 | D:5      | Reached skill level 5 in Dodging
  5892 | D:5      | Noticed a yak
  6884 | D:6      | Reached XP level 9. HP: 47/55 MP: 9/9
  7998 | D:6      | Identified the -4 buckler of Ullosom {rN+ Regen+ Dex+2
                  | Slay-4}
  8819 | D:7      | Found a burning altar of Makhleb.
  8820 | D:7      | Noticed a green death
  8822 | D:7      | Found a glowing silver altar of Zin.
  8823 | D:7      | Noticed an angel
  8832 | D:7      | Found a staircase to the Ecumenical Temple.
  8849 | Temple   | Entered the Ecumenical Temple
  8972 | Temple   | Became a worshipper of Warmaster Okawaru
  9186 | D:7      | Found a hazy altar of Hepliaklqana.
  9202 | D:7      | Found a white marble altar of Elyvilon.
  9248 | D:7      | Noticed Pikel
  9388 | D:6      | Killed Pikel
  9770 | D:7      | Reached * piety under Okawaru
  9771 | D:7      | Reached XP level 10. HP: 61/64 MP: 10/10
 10167 | D:8      | Noticed a two-headed ogre
 10668 | D:8      | Reached skill level 5 in Shields
 11469 | D:8      | Reached skill level 10 in Short Blades
 11580 | D:8      | Noticed a centaur warrior
 11900 | D:8      | Identified the +1 robe of the Invisible Hand {Int+4}
 12140 | D:8      | Noticed a phantasmal warrior
 12143 | D:8      | Killed a phantasmal warrior
 12143 | D:8      | Reached ** piety under Okawaru
 12144 | D:8      | Noticed a death knight
 12282 | D:8      | Reached skill level 11 in Short Blades
 12327 | D:8      | Slain by a wraith

Illustrated notes

Levels and vault maps discovered:
D:1:      doesnt_arrival_eight_statues, layout_basic, basic_ecumenical_altar
D:2:      layout_loops_ring, grunt_ministairs_7, uniq_sigmund
D:3:      layout_loops_corners, nicolae_dithmenos_the_darkroom,
          nrook_loot_triangle
D:4:      layout_cave_pools, amcnicky_altar_gilded, mainiacjoe_overflow_swirl,
          portal_sewer_entry_a, kennysheep_generic_room_15
D:5:      cheibrodos_two_vegetables, layout_loops_ring, minmay_gold_behind_fungi
D:6:      layout_loops_ring, moated_statue
D:7:      layout_basic, grunt_temple_overflow_order_and_chaos_2,
          elyvilon_altar_4, lemuel_crystal_altar,
          minmay_temple_entry_purple_smoke, kennysheep_generic_room_12,
          uniq_pikel
D:8:      minmay_skewed_foursquare, layout_loops_ring, kennysheep_mini_moat,
          corexii_corridor_pit, minmay_radiant, uniq_joseph
Temple:   kb_corrupted_temple

Skill      XL: |  1  2  3  4  5  6  7  8  9 10 |
---------------+-------------------------------+-----
Short Blades   | 3 4 7 8 9 11 | 11.1
Dodging        | 2 4 6 8 |  8.5
Fighting       | 3 4 6 7 9 |  9.0
Shields        | 3 4 5 |  5.1
Throwing       | |  2.1
Stealth        | |  5.3

Action                   |  1- 3 |  4- 6 |  7- 9 | 10-12 || total
-------------------------+-------+-------+-------+-------++-------
Melee: Dagger            |    72 |    78 |   291 |       ||   441
       Punch             |       |     1 |     3 |       ||     4
       Short sword       |       |       |   181 |    16 ||   197
       Rapier            |       |       |       |   217 ||   217
Invok: Heroism           |       |       |       |     4 ||     4
Evoke: Wand              |       |       |       |     1 ||     1
  Use: Scroll            |       |       |     8 |     1 ||     9
       Potion            |       |       |       |     1 ||     1
 Stab: Sleeping          |    17 |     3 |     3 |     5 ||    28
       Distracted        |       |       |       |     1 ||     1
Armor: Robe              |     8 |       |       |       ||     8
       Plate armour      |       |    29 |   150 |       ||   179
       Chain mail        |       |     1 |       |       ||     1
       Scale mail        |       |       |    31 |    29 ||    60
Dodge: Dodged            |    37 |    10 |    77 |    96 ||   220
Block: Kite shield       |       |       |   214 |   219 ||   433
       Reflection        |       |       |     2 |     1 ||     3

Table legend: (Time is in decaauts)
 A = Elapsed time spent in this place.
 B = Non-inter-level travel time spent in this place.
 C = Inter-level travel time spent in this place.
 D = Time resting spent in this place.
 E = Time spent auto-exploring this place.
 F = Levels seen in this place.
 G = Mean time per level.
                   A        B        C        D        E       F      G
               +--------+--------+--------+--------+--------+-----+--------+
         Total |  12334 |  11701 |    633 |   2772 |   6594 |  10 | 1233.4 |
       Dungeon |  11333 |  10736 |    597 |   2616 |   5982 |   8 | 1416.6 |
        Temple |    337 |    301 |     36 |    156 |     86 |   1 |  337.0 |
         Sewer |    664 |    664 |      0 |      0 |    526 |   1 |  664.0 |
               +--------+--------+--------+--------+--------+-----+--------+

Top non-repeatable levels by time:
     D:5: 2174 daAuts
     D:8: 1742 daAuts
     D:6: 1665 daAuts
     D:7: 1543 daAuts
     D:4: 1243 daAuts
     D:3: 1075 daAuts
     D:1: 969 daAuts
     D:2: 919 daAuts
   Sewer: 664 daAuts
  Temple: 337 daAuts
